 Dungeon Crawl Stone Soup version 0.32-a0-422-g28b100f618 (webtiles) character file.

Game seed: 17612369050348635357

8 zenocrate the Sneak (level 2, 24/24 HPs)
             Began as a Demonspawn Delver on Feb 21, 2024.
             Quit the game in an ossuary.
             The game lasted 00:00:40 (160 turns).

zenocrate the Sneak (Demonspawn Delver)              Turns: 160, Time: 00:00:41

Health: 24/24      AC:  3    Str: 12    XL:     2   Next: 0%
Magic:  2/2        EV: 11    Int: 10    God:
Gold:   0          SH:  0    Dex: 14    Spells: 1/1 levels left

rFire   . .          .
                       - Unarmed
rCold   . . .        (no shield)
rNeg    . . .        a - +0 leather armour
rPois   .            (helmet restricted)
rElec   .            (no cloak)
rCorr   .            (no gloves)
SInv    .            (no boots)
Will    .....        (no amulet)
Stlth   ++           (no ring)
HPRegen 0.24/turn    (no ring)
MPRegen 0.08/turn

%: no passive effects
@: no status effects
A: horns 1
a: no special abilities


You were in an ossuary.
You visited 1 branch of the dungeon, and saw 2 of its levels.
You also visited: Ossuary.

Inventory:

Armour
 a - a +0 leather armour (worn)
Wands
 f - a wand of digging (3)
Scrolls
 b - a scroll of fog
 d - 2 scrolls of fear
Potions
 e - a potion of haste


   Skills:
 - Level 3.0 Fighting
 - Level 1.7 Dodging
 - Level 4.5 Stealth
 + Level 2.5 Unarmed Combat


You had one spell level left.
You didn't know any spells.
Your spell library was empty.

Dungeon Overview and Level Annotations

Branches:
Dungeon (5/15)             Temple (0/1) D:4         Ossuary (1/1)

Altars:


Innate Abilities, Weirdness & Mutations

You have a pair of small horns on your head.


Message History

The hobgoblin zombie hits you but does no damage.
Unknown command.
You hit the hobgoblin zombie.
You destroy the hobgoblin zombie!
The orc zombie hits you but does no damage.
Unknown command.
You hit the orc zombie.
The orc zombie is moderately damaged.
The orc zombie hits you.
You hit the orc zombie.
The orc zombie is severely damaged.
The orc zombie hits you.
You hit the orc zombie.
You destroy the orc zombie!
No target in view!
A hobgoblin zombie is nearby! 2 mummies and a hobgoblin zombie come into view.
Unknown command.
You barely miss the hobgoblin zombie. The hobgoblin zombie barely misses you.
You barely miss the hobgoblin zombie.
You hit the hobgoblin zombie but do no damage.
The hobgoblin zombie hits you.
You hit the hobgoblin zombie but do no damage.
The hobgoblin zombie barely misses you.
You barely miss the hobgoblin zombie. The hobgoblin zombie misses you.
You hit the hobgoblin zombie but do no damage.
You hit the hobgoblin zombie.
The hobgoblin zombie is moderately damaged.
The hobgoblin zombie hits you.
You hit the hobgoblin zombie.
The hobgoblin zombie is severely damaged.
The hobgoblin zombie hits you.
You hit the hobgoblin zombie.
You destroy the hobgoblin zombie!
You have reached level 2!
You feel monstrous as your demonic heritage exerts itself.
Your demonic ancestry asserts itself...
A pair of horns grows on your head!
HP restored.
Are you sure you want to abandon this character and quit the game? (Confirm with "yes".)

......#
#....#
#....#
#....#
#....#
#....#
#....#
#....#
#@...#
#.∩∩.#
######


There were no monsters in sight!

Vanquished Creatures
  4 hobgoblin zombies (Ossuary)
  2 orc zombies (Ossuary)
6 creatures vanquished.

Notes
Turn   | Place    | Note
-------+----------+-------------------------------------------
     0 | D:5      | zenocrate the Demonspawn Delver began the quest for the
                  | Orb.
     0 | D:5      | Reached XP level 1. HP: 18/18 MP: 1/1
    53 | D:4      | Found a sand-covered staircase.
    62 | Ossuary  | Entered an ossuary
   137 | Ossuary  | Discovered your monstrous ancestry.
   137 | Ossuary  | Gained mutation: You have a pair of small horns on your
                  | head. [demonic ancestry]
   137 | Ossuary  | Reached XP level 2. HP: 20/24 MP: 2/2
   160 | Ossuary  | Quit the game

Illustrated notes

Levels and vault maps discovered:
D:4:      layout_basic, cheibriados_altar_1, minmay_temple_entry_antechambers,
          mainiacjoe_ossuary_entry_dusty_tomb
D:5:      layout_loops_ring, kennysheep_little_box, kennysheep_generic_room_3
Ossuary:  ossuary_tomb_3

Skill      XL: |  1 |
---------------+----+-----
Unarmed Combat | 2 |  2.5
Fighting       | |  3.0
Dodging        | |  1.7
Stealth        | |  4.5

Action                     || total
---------------------------++-------
  Melee: Unarmed           ||    29
    Use: Scroll            ||     1
 Armour: Leather armour    ||    16
  Dodge: Dodged            ||     8

Table legend: (Time is in decaauts)
 A = Elapsed time spent in this place.
 B = Non-inter-level travel time spent in this place.
 C = Inter-level travel time spent in this place.
 D = Time resting spent in this place.
 E = Time spent auto-exploring this place.
 F = Levels seen in this place.
 G = Mean time per level.
                   A        B        C        D        E       F      G
               +--------+--------+--------+--------+--------+-----+--------+
         Total |    158 |    158 |      0 |      0 |     26 |   3 |   52.7 |
       Dungeon |     61 |     61 |      0 |      0 |      0 |   2 |   30.5 |
       Ossuary |     96 |     96 |      0 |      0 |     26 |   1 |   96.0 |
               +--------+--------+--------+--------+--------+-----+--------+

Top non-repeatable levels by time:
 Ossuary: 96 daAuts
     D:4: 59 daAuts
     D:5: 2 daAuts
